Map: Acropolis LE

Players

MooEsqoo

  • Race: Protoss Protoss
  • Spawn Location: 5:00

Cheater 1 (Vision) - Winner!

  • Race: Zerg Zerg
  • Spawn Location: 11:00

VOD

Have the link to the VOD?

Description

Time

  • Played on: Jan. 2, 2020, 8:32 p.m.
  • Length: 5:10
Show
View Real Time Build Order
Export as new Build Order

MooEsqoo Protoss 

Build Orders:  

Get SALT Encoding   

  12  0:02  Probe  
  13  0:16  Pylon  
  13  0:20  Probe  
  14  0:40  Probe  
  14  0:41  Gateway  
  15  0:51  Assimilator  
  15  1:06  Probe  
  17  1:18  Probe  
  17  1:31  Cybernetics Core  
  17  1:35  Pylon  
  17  1:49  Probe  
  17  1:51  Zealot (Chrono Boost)  
  20  2:03  Probe  
  21  2:11  Nexus  
  21  2:15  Probe  
  22  2:29  Stalker (Chrono Boost)  
  23  2:38  Warp Gate  
  23  2:45  Shield Battery  
  23  2:49  Probe  
  24  2:51  Stalker (Chrono Boost)  
  26  3:01  Probe  
  27  3:07  Assimilator  
  27  3:17  Gateway  
  27  3:19  Pylon  
  27  3:23  Sentry  
  29  3:27  Probe  
  29  3:28  Probe  
  31  3:40  Probe (Chrono Boost)  
  33  3:45  Probe (Chrono Boost)  
  33  3:47  Stargate  
  34  3:49  Probe (Chrono Boost)  
  34  3:53  Probe (Chrono Boost)  
  34  3:54  Probe (Chrono Boost)  
  35  4:01  Assimilator  
  36  4:04  Probe  
  36  4:06  Probe  
  36  4:07  Assimilator  
  38  4:13  Stalker (Chrono Boost)  
  36  4:29  Stalker  
  29  4:57  Stalker x2  
Show
View Real Time Build Order
Export as new Build Order

Cheater 1 (Vision) Zerg - Winner!

Build Orders: Pool First, Roach Aggression 

Get SALT Encoding   

  12  0:00  Drone  
  13  0:12  Overlord  
  13  0:16  Drone  
  14  0:31  Drone  
  15  0:38  Spawning Pool  
  15  0:41  Drone  
  15  0:45  Drone  
  15  0:49  Drone  
  17  0:53  Extractor  
  17  0:56  Drone  
  17  1:06  Drone  
  18  1:17  Drone  
  19  1:27  Queen  
  19  1:28  Zergling x2  
  19  1:30  Roach Warren  
  21  1:38  Drone  
  22  1:50  Overlord  
  22  2:00  Overlord  
  22  2:11  Roach  
  24  2:18  Hatchery  
  24  2:21  Drone  
  24  2:32  Roach  
  24  2:34  Roach x2  
  24  2:35  Roach  
  34  2:44  Roach  
  34  2:54  Overlord  
  34  3:05  Roach x2  
  40  3:13  Roach x2  
  40  3:17  Roach  
  44  3:28  Roach  
  44  3:29  Overlord  
  46  3:37  Roach x2  
  46  3:39  Zergling x2  
  51  4:06  Extractor  
  51  4:08  Extractor  
  48  4:10  Lair, Zergling x2  
  48  4:14  Drone  
  48  4:17  Drone  
  49  4:22  Drone, Extractor  
  47  4:26  Drone  
  47  4:29  Drone  
  49  4:34  Drone  
  50  4:38  Drone  
  50  4:41  Drone  
  52  4:49  Overlord  
  52  4:54  Drone  
Tags
 
Add a new tag
Caveats
  • Supply blocks, unpowered buildings, or Contaminate may cause inaccurate times.
  • Supply counts are checked every 10 seconds.